 Dungeon Crawl Stone Soup version 0.22.1-2-g9c5b331 (webtiles) character file.

77 dvd the Gusty (level 4, -2/24 HPs)
             Began as a Tengu Air Elementalist on Nov 12, 2018.
             Slain by Natasha (9 damage)
             ... on level 2 of the Dungeon.
             The game lasted 00:02:43 (1613 turns).

dvd the Gusty (Tengu Air Elementalist)              Turns: 1613, Time: 00:02:43

Health: -2/24      AC:  2    Str:  8    XL:     4   Next: 34%
Magic:  3/9        EV: 13    Int: 16    God:
Gold:   12         SH:  0    Dex: 15    Spells: 7/8 levels left

rFire    . . .     SeeInvis .   d - +0 dagger
rCold    . . .     Gourm    .   (no shield)
rNeg     . . .     Faith    .   f - +0 robe {MR+}
rPois    .         Spirit   .   (helmet restricted)
rElec    .         Reflect  .   (no cloak)
rCorr    .         Harm     .   (no gloves)
MR       +....                  (boots unavailable)
Stlth    ++........             (no amulet)
HPRegen  0.08/turn              (no ring)
MPRegen  0.11/turn              (no ring)

@: no status effects
A: beak, talons 3
a: no special abilities


You were on level 2 of the Dungeon.
You were not hungry.

You visited 1 branch of the dungeon, and saw 2 of its levels.

You collected 12 gold pieces.

Inventory:

Hand Weapons
 d - a +0 dagger (weapon)
Armour
 f - a +0 robe of magic resistance (worn)
Scrolls
 b - 2 scrolls of teleportation {unknown}
 g - 4 scrolls of identify {unknown}
 h - a scroll of amnesia {unknown}
 i - a scroll of remove curse {unknown}
Potions
 a - a potion of curing {unknown}
 e - a potion of lignification {unknown}
Comestibles
 c - 6 rations
 j - 2 chunks of flesh


   Skills:
 + Level 2.5 Dodging
 + Level 2.4 Stealth
 + Level 2.6 Spellcasting
 + Level 2.1 Conjurations
 + Level 5.3 Air Magic


You had 7 spell levels left.
You knew the following spells:

 Your Spells              Type           Power        Failure   Level  Hunger
a - Shock                 Conj/Air       ##..         4%          1    #......

Your spell library contained the following spells:

 Spells                   Type           Power        Failure   Level  Hunger
 Swiftness                Chrm/Air       ##......     10%         2    ##.....
 Static Discharge         Conj/Air       ##......     13%         3    ###....
 Airstrike                Air            ###.......   22%         4    #####..
 Lightning Bolt           Conj/Air       ##........   75%         5    ######.


Dungeon Overview and Level Annotations

Branches:
Dungeon (2/15)

Altars:

Annotations:
D:2 Natasha, Robin


Innate Abilities, Weirdness & Mutations

You have a beak for a mouth.
You have claws for feet.


Message History

Aim: Natasha, carrying a wand of flame (13) (moderately wounded)
The zap hits Natasha.
Natasha is heavily wounded.
Natasha claws you.
Casting: Shock (safe; 4% risk of failure)
Confirm with . or Enter, or press ? or * to list all spells.
Aiming: Shock (safe; 4% risk of failure)
Press: ? - help, Shift-Dir - straight line, f/p - Natasha
Aim: Natasha, carrying a wand of flame (13) (heavily wounded)
The zap misses Natasha.
Natasha claws you.
* * * LOW HITPOINT WARNING * * *
Casting: Shock (safe; 4% risk of failure)
Confirm with . or Enter, or press ? or * to list all spells.
Aiming: Shock (safe; 4% risk of failure)
Press: ? - help, Shift-Dir - straight line, f/p - Natasha
Aim: Natasha, carrying a wand of flame (13) (heavily wounded)
The zap hits Natasha.
Natasha is severely wounded.
Natasha claws you!
You die...

### ###.. ####.#.#
######...#.####
.............[.
###........[...
......#h###.#
#)...@....# .#
#..##.###.# #.# #. #.#
#. #.# # ##.# .###.#
###.# # #..# #......
...## #. #.## #..##.#
#...# #..#.####..##.#
#....
#....†.....##.####...#
#..........##<.......#


You could see Natasha.

Vanquished Creatures
  Jessica (D:2)
  Natasha (D:2)
  An ooze (D:1)
  2 dart slugs (D:1)
  2 bats (D:1)
  5 hobgoblins
  A kobold (D:1)
  2 frilled lizards (D:1)
  2 goblins
  4 rats (D:1)
21 creatures vanquished.

Notes
Turn   | Place    | Note
-------+----------+-------------------------------------------
     0 | D:1      | dvd the Tengu Air Elementalist began the quest for the Orb.
     0 | D:1      | Reached XP level 1. HP: 10/10 MP: 4/4
   226 | D:1      | Reached XP level 2. HP: 15/15 MP: 0/6
  1248 | D:2      | Noticed Natasha
  1255 | D:2      | Killed Natasha
  1255 | D:2      | Reached skill level 5 in Air Magic
  1255 | D:2      | Reached XP level 3. HP: 19/19 MP: 1/7
  1281 | D:2      | Noticed Jessica
  1297 | D:2      | Noticed Robin
  1299 | D:2      | Killed Jessica
  1299 | D:2      | Reached XP level 4. HP: 8/24 MP: 0/8
  1606 | D:2      | Noticed Natasha
  1613 | D:2      | Slain by Natasha

Skill      XL: |  1  2  3 |
---------------+----------+-----
Air Magic      | 5 |  5.3
Conjurations   | 2 |  2.1
Dodging        | |  2.5
Stealth        | |  2.4
Spellcasting   | |  2.6

Action                   |  1- 3 |  4- 6 || total
-------------------------+-------+-------++-------
Melee: Dagger            |     9 |     2 ||    11
       Peck              |     2 |       ||     2
       Kick              |       |     2 ||     2
 Cast: Shock             |    39 |    14 ||    53
  Eat: Chunk             |     1 |     2 ||     3
Armor: Robe              |     4 |       ||     4
Dodge: Dodged            |     9 |       ||     9
